 Dungeon Crawl Stone Soup version 0.27.0-1-g7a089689b8 (webtiles) character file.

Game seed: 13102808301293435841

48 quinnr the Gusty (level 3, -1/20 HPs)
             Began as a Tengu Air Elementalist on Aug 13, 2021.
             Succumbed to an adder's poison
             ... on level 2 of the Dungeon.
             The game lasted 00:04:38 (2378 turns).

quinnr the Gusty (Tengu Air Elementalist)           Turns: 2378, Time: 00:04:38

Health: -1/20      AC:  2    Str:  8    XL:     3   Next: 72%
Magic:  7/7        EV: 12    Int: 16    God:
Gold:   52         SH:  0    Dex: 14    Spells: 5/6 levels left

rFire    . . .     SeeInvis .   (no weapon)
rCold    . . .     Faith    +   (no shield)
rNeg     + . .     Spirit   .   a - +0 robe
rPois    .         Reflect  .   (helmet restricted)
rElec    .         Harm     .   (no cloak)
rCorr    .         Rampage  .   (no gloves)
Will     .....                  (boots unavailable)
Stlth    ++........             d - amulet of faith
HPRegen  0.06/turn              b - ring of positive energy
MPRegen  0.10/turn              (no ring)

@: lethally poisoned (-1 -> -13)
A: beak, talons 3
a: no special abilities


You were on level 2 of the Dungeon.
You visited 1 branch of the dungeon, and saw 3 of its levels.

You collected 52 gold pieces.

Inventory:

Armour
 a - a +0 robe (worn)
Jewellery
 b - a ring of positive energy (left hand)
 d - an amulet of faith (around neck)
Scrolls
 e - a scroll of fog {unknown}
Potions
 f - 2 potions of flight


   Skills:
 - Level 1.0 Fighting
 - Level 2.1 Dodging
 - Level 2.0 Stealth
 - Level 2.0 Spellcasting
 - Level 1.3 Conjurations
 * Level 5.8 Air Magic


You had 5 spell levels left.
You knew the following spells:

 Your Spells              Type           Power      Damage    Failure   Level
a - Shock                 Conj/Air       52%        1d6       4%          1

Your spell library contained the following spells:

 Spells                   Type           Power      Damage    Failure   Level
 Swiftness                Air            20%        N/A       5%          3
 Static Discharge         Conj/Air       13%        N/A       7%          2
 Airstrike                Air            10%        N/A       19%         4
 Dazzling Flash           Conj/Hex       6%         N/A       43%         3
 Iskenderun's Mystic Bla  Conj/Tloc      3%         2d3       83%         4
 Starburst                Conj/Fire      1%         8x6d3     100%        6


Dungeon Overview and Level Annotations

Branches:
Dungeon (3/15)

Altars:


Innate Abilities, Weirdness & Mutations

You have a beak for a mouth.
You have claws for feet.


Message History

You bump into the rock wall.
The adder misses you.
You closely miss the adder. Your kick misses the adder.
The adder is heavily wounded.
The adder bites you but does no damage. The adder closely misses you.
You're too confused to cast spells.
Sorry, you're not good enough to have a special ability.
Unknown command.
You bump into the rock wall.
The adder bites you.
You bump into the rock wall.
The adder closely misses you. The adder bites you.
You are poisoned.
The adder poisons you!
In your confused state, you trip and fall back down the stairs.
You feel sick. The adder closely misses you.
The adder bites you but does no damage.
Unknown command.
Unknown command.
You're too confused to cast spells.
Sorry, you're not good enough to have a special ability.
Unknown command.
Unknown command.
You bump into the rock wall.
You feel sick. The adder closely misses you.
You're too confused to move!
You feel less invigorated.
You feel less confused.
You feel sick. The adder bites you.
You are more poisoned.
The adder poisons you!
You closely miss the adder. Your kick misses the adder.
Your peck misses the adder.
The adder is heavily wounded.
You feel sick. The adder bites you.
You are lethally poisoned!
The adder poisons you! The adder bites you.
* * * LOW HITPOINT WARNING * * *
You feel sick. The adder bites you.
* * * LOW HITPOINT WARNING * * *
You are more poisoned.
The adder poisons you!
You climb upwards.
You die...

......... .#####..........
........##+#...............
........##.#..............#
...........#..............#
#.........................#
#.........................#
#..........................
#...........######.####....
#.........@................
#......#..S.######.#.......
####......#....##.....#.......
#..............+..............
#.........#....#.........##...
#.........+....#.........##.##
#........#..............##.#.
#........#....###...######...
#........#####.......#####...


You could see an adder.

Vanquished Creatures
  2 adders (D:2)
  2 dart slugs (D:1)
  An endoplasm (D:2)
  A giant cockroach (D:1)
  A goblin (D:2)
  4 hobgoblins
  4 jackals (D:1)
  A kobold (D:1)
  2 quokkas
  2 ball pythons
  2 bats (D:1)
  A rat (D:1)
23 creatures vanquished.

Notes
Turn   | Place    | Note
-------+----------+-------------------------------------------
     0 | D:1      | quinnr the Tengu Air Elementalist began the quest for the
                  | Orb.
     0 | D:1      | Reached XP level 1. HP: 10/10 MP: 4/4
   542 | D:1      | Reached XP level 2. HP: 15/16 MP: 4/6
   929 | D:1      | Reached skill level 1 in Fighting
  1101 | D:1      | Reached skill level 5 in Air Magic
  1582 | D:2      | Reached XP level 3. HP: 20/20 MP: 5/7
  2378 | D:2      | Succumbed to an adder's poison

Illustrated notes

Levels and vault maps discovered:
D:1:      minmay_arrival_up_and_down, layout_loops_corners
D:2:      layout_basic, hellmonk_ecumenical_altar_blasted
D:3:      layout_loops_cross, nicolae_ashenzari_panopticon, uniq_ijyb,
          uniq_robin, uniq_jessica

Skill      XL: |  1  2 |
---------------+-------+-----
Fighting       | 1 |  1.0
Air Magic      | 5 |  5.8
Dodging        | |  2.1
Stealth        | |  2.0
Spellcasting   | |  2.0
Conjurations   | |  1.3

Action                   || total
-------------------------++-------
Melee: Unarmed           ||    13
       Kick              ||     3
       Peck              ||     2
 Cast: Shock             ||    70
  Use: Scroll            ||     1
       Potion            ||     1
Armor: Robe              ||     6
Dodge: Dodged            ||    23
